 Dungeon Crawl Stone Soup version 0.19-a0-1068-g99dd0f4 (webtiles) character file.

126 Jmtri7 the Changer (level 5, -2/33 HPs)
             Began as an Octopode Transmuter on Aug 5, 2016.
             Slain by a hungry ghost (5 damage)
             ... on level 3 of the Dungeon.
             The game lasted 00:05:58 (3063 turns).

Jmtri7 the Changer (Octopode Transmuter)            Turns: 3063, Time: 00:06:00

Health: -2/33      AC:  1    Str: 11    XL:     5   Next: 9%
Magic:  7/8        EV: 13    Int: 15    God:
Gold:   120        SH:  0    Dex: 12    Spells: 1 memorised, 7 levels left

rFire  . . .     SeeInvis .       - Unarmed
rCold  . . .     Gourm    .     (no shield)
rNeg   . . .     Faith    .     (helmet restricted)
rPois  .         Spirit   .     (no amulet)
rElec  .         Dismiss  .     (no ring)
rCorr  .         Reflect  .     (no ring)
SustAt .         Harm     .     (no ring)
MR     .....                    (no ring)
Stlth  ++........               (no ring)
                                (no ring)
                                (no ring)
                                (no ring)

@: appendage
A: almost no armour, amphibious, 8 rings, constrict 8, tentacle spike 3,
camouflage 1, gelatinous body 1
a: End Transformation


You were on level 3 of the Dungeon.
You were near starving.
One of your tentacles had a temporary spike.
You visited 1 branch of the dungeon, and saw 3 of its levels.

You collected 120 gold pieces.

Inventory:

Missiles
 a - 12 arrows
Scrolls
 d - 2 scrolls of blinking {unknown}
 e - a scroll of recharging {unknown}
 f - 2 scrolls of noise {unknown}
 h - 2 scrolls of identify {unknown}
 l - a scroll of remove curse {unknown}
Potions
 i - a potion of degeneration {unknown}
 j - a potion of heal wounds {unknown}
Books
 b - a book of Changes

   Spells                             Type                      Level
   a - Beastly Appendage              Transmutation                1
   b - Sticks to Snakes               Transmutation                2
   c - Spider Form                    Transmutation/Poison         3
   d - Ice Form                       Ice/Transmutation            4
   e - Blade Hands                    Transmutation                5
Comestibles
 c - 2 bread rations
 g - 2 meat rations
 k - a slice of pizza
 m - a chunk of flesh


   Skills:
 - Level 1.0 Fighting
 - Level 2.0 Dodging
 - Level 3.0 Unarmed Combat
 - Level 2.0 Spellcasting
 + Level 5.1 Transmutations


You had 7 spell levels left.
You knew the following spells:

 Your Spells              Type           Power        Failure   Level  Hunger
a - Beastly Appendage     Tmut           ###...       2%          1    #......


Dungeon Overview and Level Annotations

Branches:
Dungeon (3/15)

Altars:

Annotations:
D:3 Purgy


Innate Abilities, Weirdness & Mutations

You cannot wear most types of armour.
You are amphibious.
You can wear up to eight rings at the same time.
You can use your tentacles to constrict eight enemies at once.
Your skin changes colour to match your surroundings (Stealth+).
Your rubbery body absorbs attacks. (AC +1, EV +1)
One of your tentacles bears a large vicious spike.


Message History

The hungry ghost barely misses you.
You closely miss the hungry ghost.
The hungry ghost is lightly damaged.
The gnoll hits you but does no damage. The gnoll hits you.
The hungry ghost hits you.
You are near starving!
You tentacle-slap the hungry ghost.
Your tentacle spike misses the hungry ghost.
Your squeeze misses the hungry ghost.
The hungry ghost is moderately damaged.
The gnoll hits you. The gnoll barely misses you.
The hungry ghost closely misses you.
You closely miss the hungry ghost.
Your tentacle-slap misses the hungry ghost.
The hungry ghost is moderately damaged.
The gnoll hits you!
The gnoll hits you from afar with a halberd!
* * * LOW HITPOINT WARNING * * *
The hungry ghost hits you.
You die...

.....#.....##g.. ##
#.......#.....#
............##.## # #.
#[.....###.#
#.#.###g#.%.####.#
....?........##.# #
..!.(gT......##..
###..#####.#.<.....##..
......W@ggT............
##..######....#.####...
#...##.# ... #...##..
.. ....#.... .....#
.... ....... ...
#.%......


You could see a hungry ghost, Purgy and 2 gnolls.

Vanquished Creatures
  A gnoll (D:2)
  6 adders (D:2)
  An ooze (D:1)
  A worm (D:2)
  4 dart slugs (D:1)
  9 bats
  A giant cockroach (D:1)
  6 goblins
  6 hobgoblins
  8 kobolds
  A ball python (D:2)
  2 giant newts (D:2)
  6 rats
52 creatures vanquished.

Notes
Turn   | Place    | Note
-------+----------+-------------------------------------------
     0 | D:1      | Jmtri7 the Octopode Transmuter began the quest for the Orb.
     0 | D:1      | Reached XP level 1. HP: 13/13 MP: 3/3
   125 | D:1      | Reached XP level 2. HP: 12/18 MP: 3/5
   332 | D:1      | Reached skill level 3 in Transmutations
   978 | D:1      | Reached XP level 3. HP: 22/23 MP: 6/6
  1425 | D:2      | Reached skill level 4 in Transmutations
  1647 | D:2      | Reached XP level 4. HP: 20/28 MP: 5/7
  2642 | D:2      | Reached skill level 5 in Transmutations
  2897 | D:3      | Reached XP level 5. HP: 29/33 MP: 6/8
  2922 | D:3      | Noticed Purgy
  3055 | D:3      | Noticed a hungry ghost
  3063 | D:3      | Slain by a hungry ghost

Vault maps used:
D:1:      dpeg_arrival_houses_and_road
D:3:      first_bread, uniq_purgy

Skill      XL: |  1  2  3  4 |
---------------+-------------+-----
Transmutations | 3 4 5 |  5.1
Fighting       | |  1.0
Dodging        | |  2.0
Unarmed Combat | |  3.0
Spellcasting   | |  2.0

Action                   |  1- 3 |  4- 6 || total
-------------------------+-------+-------++-------
Melee: Unarmed           |    72 |    51 ||   123
       Tentacles         |    15 |     4 ||    19
       Constrict         |    21 |    10 ||    31
       Punch             |     2 |       ||     2
       Kick              |    13 |    12 ||    25
 Cast: Beastly Appendage |    10 |    12 ||    22
 Stab: Sleeping          |     3 |     3 ||     6
  Eat: Chunk             |     2 |     5 ||     7
Armor: Skin              |    12 |     6 ||    18
Dodge: Dodged            |    57 |    29 ||    86
